 Dungeon Crawl Stone Soup version 0.29-a0-791-ga0f254aafb (webtiles) character file.

Game seed: 10124799830662013853

798 Malachi the Cutter (level 7, -1/50 HPs)
             Began as an Octopode Brigand on July 3, 2022.
             Slain by a quokka (4 damage)
             ... while paralysed by a hornet
             ... on level 6 of the Dungeon.
             The game lasted 00:03:51 (5182 turns).

Malachi the Cutter (Octopode Brigand)               Turns: 5182, Time: 00:03:51

Health: -1/50      AC:  1    Str: 11    XL:     7   Next: 89%
Magic:  0/7        EV:  2    Int: 13    God:
Gold:   260        SH:  0    Dex: 15    Spells: 6/6 levels left

rFire   + . .      SeeInvis .   a - +2 dagger (elec)
rCold   . . .      Faith    .   (no shield)
rNeg    . . .      Spirit   +   (helmet restricted)
rPois   .          Reflect  .   t - amulet of Pride {Spirit rF+}
rElec   .          Harm     .   v - +4 ring of evasion
rCorr   .          Rampage  .   (no ring)
Will    .....                   (no ring)
Stlth   ++++......              (no ring)
HPRegen 0.16/turn               (no ring)
MPRegen 0.10/turn               (no ring)
                                (no ring)
                                (no ring)

@: paralysed, lethally poisoned (-1 -> -21), slowed
A: almost no armour, amphibious, 8 rings, camouflage 1, gelatinous body 1,
(nimble swimmer 1), tentacles
a: no special abilities


You were on level 6 of the Dungeon.
You visited 1 branch of the dungeon, and saw 6 of its levels.

You collected 260 gold pieces.

Inventory:

Hand Weapons
 a - a +2 dagger of electrocution (weapon)
 j - a +2 hand axe of electrocution
 m - a +2 dagger of freezing
Missiles
 b - 14 poisoned darts (quivered)
 c - 3 curare-tipped darts
Jewellery
 l - an amulet of the acrobat
 t - the amulet of Pride (around mantle) {Spirit rF+}
   (You found it on level 5 of the Dungeon)

   [amulet of guardian spirit]

   It causes incoming damage to be divided between your reserves of health and
   magic.
   rF:        It protects you from fire.
 v - a +4 ring of evasion (left tentacle)
Wands
 q - a wand of digging (3)
Scrolls
 d - 2 scrolls of teleportation
 n - a scroll of fear {unknown}
 o - a scroll of noise
 x - a scroll of immolation
Potions
 e - 5 potions of curing {unknown}
 f - a potion of might {unknown}
 g - a potion of brilliance {unknown}
 h - a potion of haste {unknown}
 i - a potion of ambrosia {unknown}
 k - 2 potions of berserk rage {unknown}
 p - a potion of cancellation {unknown}
 r - a potion of lignification {unknown}
 s - 4 potions of flight {unknown}
 u - a potion of mutation {unknown}


   Skills:
 * Level 5.3 Fighting
 * Level 7.1 Short Blades
 - Level 2.0 Throwing
 - Level 1.0 Dodging
 - Level 5.3 Stealth


You had 6 spell levels left.
You didn't know any spells.
Your spell library contained the following spells:

 Spells                   Type           Power      Damage    Failure   Level
 Sublimation of Blood     Necr           0%         N/A       43%         2
 Wereblood                Tmut           0%         N/A       43%         2
 Summon Hydra             Summ           0%         N/A       100%        7


Dungeon Overview and Level Annotations

Branches:
Dungeon (6/15)
 Temple: D:4-7

Altars:
Cheibriados
Kikubaaqudgha
Vehumet
Xom


Innate Abilities, Weirdness & Mutations

You cannot wear most types of armour.
You are amphibious.
You can wear up to eight rings at the same time.
Your skin changes colour to match your surroundings (Stealth+).
Your rubbery body absorbs attacks. (AC +1, EV +1)
((You are camouflaged when in or above water. (Stealth+)))
You have tentacles for arms and can constrict up to eight enemies at once.


Message History

A scorpion is nearby!
A scorpion is nearby!
A hornet comes into view.
The hornet buzzes angrily.
Found an escape hatch in the ceiling.
The scorpion completely misses you.
You hit the scorpion but do no damage. You grab the scorpion.
You constrict the scorpion, but do no damage.
The scorpion closely misses you.
You hit the scorpion. Lightning courses through the scorpion!
You squeeze the scorpion, but do no damage.
The scorpion is severely wounded.
You constrict the scorpion, but do no damage.
A quokka comes into view.
The scorpion stings you.
You hit the scorpion. Lightning courses through the scorpion!
You kill the scorpion!
You hit the hornet. Your grab misses the hornet.
The hornet is lightly wounded.
The hornet misses you.
You completely miss the hornet. Your grab misses the hornet.
The hornet is lightly wounded.
The hornet closely misses you.
You barely miss the hornet. Your grab misses the hornet.
You squeeze the hornet.
The hornet is moderately wounded.
The hornet closely misses you.
You miss the hornet. Your grab misses the hornet.
The hornet is moderately wounded.
The hornet stings you!
You are poisoned.
You suddenly lose the ability to move!
The quokka bites you.
You feel sick. The hornet completely misses you. The quokka bites you.
The hornet stings you!
* * * LOW HITPOINT WARNING * * *
You shrug off the repeated paralysis!
You feel sick. The hornet stings you!
* * * LOW HITPOINT WARNING * * *
You are more poisoned.
You feel yourself slow down. The quokka bites you.
You die...

# ### .# #... .#
# #....
#####.#.##
#.....#.........
#.....y@....#
#....#.r.<..#
#....$#..##.#
##..#..### #
<..<... #...#..
. ....# ...##


You could see a hornet and a quokka.

Vanquished Creatures
  A black bear (D:5)
  2 phantoms (D:4)
  A bullfrog (D:5)
  3 scorpions
  A howler monkey (D:4)
  An orc priest (D:5)
  A hound (D:3)
  3 iguanas
  An orc wizard (D:5)
  5 adders
  A worm (D:3)
  3 dart slugs
  9 orcs (D:5)
  5 ball pythons
  3 endoplasms
  2 giant cockroaches
  10 goblins
  2 hobgoblins
  5 jackals
  3 kobolds
  6 quokkas
  2 bats
  2 rats
72 creatures vanquished.

Notes
Turn   | Place    | Note
-------+----------+-------------------------------------------
     0 | D:1      | Malachi the Octopode Brigand began the quest for the Orb.
     0 | D:1      | Reached XP level 1. HP: 14/14 MP: 1/1
   137 | D:1      | Reached XP level 2. HP: 4/19 MP: 2/2
   847 | D:1      | Found a faded altar of an unknown god.
  1051 | D:2      | Reached XP level 3. HP: 25/25 MP: 3/3
  1079 | D:2      | Found a shimmering altar of Xom.
  1088 | D:2      | Reached skill level 3 in Short Blades
  1118 | D:2      | Identified the +5 ring mail "Ydorgh" {rF- Will++ MP+9
                  | Int+4}
  1935 | D:3      | Reached XP level 4. HP: 30/30 MP: 4/4
  2241 | D:3      | Reached skill level 4 in Short Blades
  2752 | D:4      | Noticed a phantom
  2865 | D:4      | Noticed a phantom
  2964 | D:4      | Killed a phantom
  2965 | D:4      | Reached XP level 5. HP: 29/37 MP: 5/5
  3135 | D:4      | Reached skill level 5 in Short Blades
  3135 | D:4      | Reached XP level 6. HP: 43/43 MP: 6/6
  3571 | D:5      | Entered Level 5 of the Dungeon
  4156 | D:5      | Found a snail-covered altar of Cheibriados.
  4166 | D:5      | Reached XP level 7. HP: 49/49 MP: 7/7
  4191 | D:5      | Reached skill level 6 in Short Blades
  4433 | D:5      | Identified the amulet of Pride {Spirit rF+}
  4454 | D:5      | Reached skill level 5 in Fighting
  4894 | D:5      | Found a radiant altar of Vehumet.
  4895 | D:5      | Found an ancient bone altar of Kikubaaqudgha.
  4904 | D:5      | Reached skill level 7 in Short Blades
  5172 | D:6      | Noticed a hornet
  5180 | D:6      | Paralysed by a hornet for 3 turns
  5182 | D:6      | Slain by a quokka

Illustrated notes

Levels and vault maps discovered:
D:1:      mrwooster_arrival_statue_3, layout_basic,
          nicolae_ecumenical_lake_church
D:2:      layout_rooms, basic_altar, nrook_loot_triangle
D:3:      layout_loops_corners, kennysheep_decorative_pillar
D:4:      layout_cave_pools
D:5:      layout_loops_corners, lemuel_round_altar,
          gammafunk_temple_overflow_pools
D:6:      layout_basic, good_gods_temple_1, minmay_temple_entry_crystal_x,
          portal_sewer_entry_f

Skill      XL: |  1  2  3  4  5  6  7 |
---------------+----------------------+-----
Short Blades   | 3 4 5 7 |  7.1
Fighting       | 3 4 5 |  5.3
Throwing       | |  2.0
Dodging        | |  1.0
Stealth        | |  5.3

Action                   |  1- 3 |  4- 6 |  7- 9 || total
-------------------------+-------+-------+-------++-------
Melee: Dagger            |    56 |    93 |    35 ||   184
       Constrict         |     9 |    15 |     6 ||    30
       Tentacles         |     6 |    16 |    10 ||    32
       Punch             |       |     2 |       ||     2
  Use: Scroll            |       |     7 |       ||     7
 Stab: Sleeping          |    14 |     8 |     3 ||    25
Armor: Skin              |     4 |     6 |     3 ||    13
Dodge: Dodged            |    21 |    53 |    22 ||    96

Table legend: (Time is in decaauts)
 A = Elapsed time spent in this place.
 B = Non-inter-level travel time spent in this place.
 C = Inter-level travel time spent in this place.
 D = Time resting spent in this place.
 E = Time spent auto-exploring this place.
 F = Levels seen in this place.
 G = Mean time per level.
                   A        B        C        D        E       F      G
               +--------+--------+--------+--------+--------+-----+--------+
         Total |   5138 |   4975 |    163 |    851 |   3617 |   6 |  856.3 |
       Dungeon |   5138 |   4975 |    163 |    851 |   3617 |   6 |  856.3 |
               +--------+--------+--------+--------+--------+-----+--------+

Top non-repeatable levels by time:
     D:5: 1582 daAuts
     D:3: 1131 daAuts
     D:1: 1042 daAuts
     D:4: 768 daAuts
     D:2: 605 daAuts
     D:6: 8 daAuts
